 Dungeon Crawl Stone Soup version 0.21.0-37-g46506fa (webtiles) character file.

265211 garbagetei the Earth Mage (level 20, -10/105 HPs)
             Began as a Gargoyle Earth Elementalist on Jan 31, 2018.
             Was the Champion of Vehumet.
             Killed from afar by a spellforged servitor (17 damage)
             ... with a bolt of magma
             ... summoned by the player character
             ... woven by Mara
             ... on level 3 of the Swamp on Feb 1, 2018.
             The game lasted 04:08:59 (52468 turns).

garbagetei the Earth Mage (GrEE)                   Turns: 52468, Time: 04:09:00

Health: -10/105    AC: 26    Str:  9    XL:     20   Next: 47%
Magic:  12/50      EV: 11    Int: 32    God:    Vehumet [******]
Gold:   2442       SH:  8    Dex: 12    Spells: 7/54 levels left

rFire    + . .     SeeInvis +   P - staff of conjuration
rCold    . . .     Gourm    .   s - +0 buckler {reflect}
rNeg     + + +     Faith    .   E - +3 leather armour {MR+}
rPois    ∞         Spirit   .   y - +0 hat of Supty {rF+ Dex+2 SInv}
rElec    +         Reflect  +   (no cloak)
rCorr    +         Harm     .   Z - +0 pair of gloves of Eternal Vigilance {rN++ rCorr Str-5 Int+4}
MR       ++...     Clarity  +   J - +0 pair of boots
Stlth    ++........             C - +3 amulet of reflection
HPRegen  0.27/turn              U - +5 ring of intelligence
MPRegen  0.32/turn              i - ring of magical power

@: about to teleport
A: big wings, yellow scales 1, clarity, frail 1, negative energy resistance 1,
electricity resistance, unbreathing, petrification resistance, rot immunity, AC
+15
}: 1/15 runes: serpentine
a: Fly, Renounce Religion


You were on level 3 of the Swamp.
You worshipped Vehumet.
Vehumet was exalted by your worship.
You were hungry.

You visited 9 branches of the dungeon, and saw 37 of its levels.
You visited 1 bazaar.
You also visited: Sewer and Ice Cave.

You collected 3231 gold pieces.
You spent 789 gold pieces at shops.

Inventory:

Hand Weapons
 b - the +7 lajatang "Tairusao" {speed, -Tele +Inv Dex+7}
   (You took it off a vault guard on level 13 of the Dungeon)

   Attacks with this weapon are significantly faster.
   It affects your dexterity (+7).
   It lets you turn invisible.
   It prevents most forms of teleportation.
 T - a +2 whip of slashing
Missiles
 O - 42 stones (quivered)
Armour
 s - a +0 buckler of reflection (worn)
 y - the +0 hat of Supty (worn) {rF+ Dex+2 SInv}
   (You acquired it on level 2 of the Snake Pit)

   It affects your dexterity (+2).
   It protects you from fire.
   It lets you see invisible.
 E - a +3 leather armour of magic resistance (worn)
 J - a +0 pair of boots (worn)
 Z - the +0 pair of gloves of Eternal Vigilance (worn) {rN++ rCorr Str-5 Int+4}
   (You found it on level 1 of the Lair of Beasts)

   It affects your strength (-5).
   It affects your intelligence (+4).
   It greatly protects you from negative energy.
   It protects you from acid and corrosion.
Magical Staves
 P - an uncursed staff of conjuration (weapon)
Jewellery
 c - an uncursed ring of wizardry
 i - a ring of magical power (right hand)
 m - an uncursed ring of fire
 A - an uncursed ring of ice
 C - a +3 amulet of reflection (around neck)
 Q - an uncursed ring of protection from magic
 U - a +5 ring of intelligence (left hand)
 V - an uncursed amulet of magic regeneration
Wands
 r - a wand of iceblast (43)
 t - a wand of random effects (33)
 w - a wand of polymorph (31)
 I - a wand of acid (31)
 K - a wand of paralysis (25)
 R - a wand of digging (64)
Scrolls
 a - 11 scrolls of identify
 f - a scroll of blinking
 g - 17 scrolls of teleportation
 h - 4 scrolls of enchant armour
 j - 4 scrolls of fog
 k - a scroll of magic mapping
 n - 18 scrolls of remove curse
 q - a scroll of holy word
 x - 5 scrolls of enchant weapon
 B - 7 scrolls of amnesia
 D - a scroll of fear
Potions
 l - a potion of ambrosia
 u - 3 potions of cancellation
 v - 5 potions of heal wounds
 z - 16 potions of curing
 F - 2 potions of magic
 G - 4 potions of resistance
 H - 2 potions of invisibility
 M - 3 potions of haste
Books
 e - a book of Geomancy

   Spells                             Type                      Level
   a - Sandblast                      Earth                        1
   b - Passwall                       Transmutation/Earth          2
   c - Stone Arrow                    Conjuration/Earth            3
   d - Petrify                        Transmutation/Earth          4
   e - Lee's Rapid Deconstruction     Earth                        5
 p - a book of Cantrips

   Spells                             Type                      Level
   a - Confusing Touch                Hexes                        1
   b - Animate Skeleton               Necromancy                   1
   c - Summon Small Mammal            Summoning                    1
   d - Apportation                    Translocation                1
 L - a book of Summonings

   Spells                             Type                      Level
   a - Recall                         Summoning/Translocation      3
   b - Aura of Abjuration             Summoning                    5
   c - Summon Demon                   Summoning                    5
   d - Summon Forest                  Summoning/Translocation      5
   e - Summon Mana Viper              Hexes/Summoning              5
   f - Shadow Creatures               Summoning                    6
 N - a book of Air

   Spells                             Type                      Level
   a - Shock                          Conjuration/Air              1
   b - Swiftness                      Charms/Air                   2
   c - Static Discharge               Conjuration/Air              3
   d - Airstrike                      Air                          4
   e - Lightning Bolt                 Conjuration/Air              5
 S - a book of the Sky

   Spells                             Type                      Level
   a - Summon Lightning Spire         Summoning/Air                4
   b - Silence                        Hexes/Air                    5
   c - Deflect Missiles               Charms/Air                   6
   d - Conjure Ball Lightning         Conjuration/Air              6
   e - Tornado                        Air                          9
 W - a book of Spatial Translocations

   Spells                             Type                      Level
   a - Blink                          Translocation                2
   b - Shroud of Golubria             Charms/Translocation         2
   c - Lesser Beckoning               Translocation                3
   d - Gell's Gravitas                Translocation                3
   e - Teleport Other                 Translocation                3
   f - Passage of Golubria            Translocation                4
 X - a book of Necromancy

   Spells                             Type                      Level
   a - Pain                           Necromancy                   1
   b - Animate Skeleton               Necromancy                   1
   c - Vampiric Draining              Necromancy                   3
   d - Regeneration                   Charms/Necromancy            3
   e - Animate Dead                   Necromancy                   4
   f - Borgnjor's Vile Clutch         Necromancy/Earth             5
 Y - a book of Party Tricks

   Spells                             Type                      Level
   a - Summon Butterflies             Summoning                    1
   b - Apportation                    Translocation                1
   c - Lesser Beckoning               Translocation                3
   d - Tukima's Dance                 Hexes                        3
   e - Alistair's Intoxication        Transmutation/Poison         5
   f - Invisibility                   Hexes                        6
Miscellaneous
 o - a phial of floods
Comestibles
 d - 38 rations


   Skills:
 * Level 10.1 Fighting
 - Level 4.3 Maces & Flails
 - Level 0.9(2.8) Staves
 + Level 5.2 Armour
 - Level 1.5 Dodging
 - Level 2.1 Stealth
 * Level 5.2 Shields
 * Level 17.9 Spellcasting
 * Level 17.2 Conjurations
 - Level 2.2 Hexes
 + Level 2.5 Charms
 * Level 4.9 Summonings
 + Level 0.3 Necromancy
 - Level 1.3 Translocations
 - Level 3.0 Transmutations
 * Level 10.9 Fire Magic
 - Level 1.2 Air Magic
 + Level 19.1 Earth Magic
 + Level 1.5 Evocations


You had 7 spell levels left.
You knew the following spells:

 Your Spells              Type           Power        Failure   Level  Hunger
a - Sandblast             Erth           ######       0%          1    None
b - Passwall              Tmut/Erth      #######...   1%          2    None
c - Stone Arrow           Conj/Erth      ######       0%          3    None
d - Confusing Touch       Hex            #####.       1%          1    None
e - Lee's Rapid Deconstr  Erth           ########..   0%          5    None
f - Swiftness             Chrm/Air       #####...     1%          2    None
g - Sticky Flame          Conj/Fire      ########     1%          4    None
h - Blink                 Tloc           N/A          1%          2    None
i - Shroud of Golubria    Chrm/Tloc      #####.....   1%          2    None
j - Bolt of Magma         Conj/Fire/Erth ########..   1%          5    None
k - Regeneration          Chrm/Necr      #####.....   3%          3    None
l - Fireball              Conj/Fire      ########..   1%          5    None
m - Spellforged Servitor  Conj/Summ      #######...   4%          7    ####...
n - Lightning Bolt        Conj/Air       #######...   1%          5    None


Dungeon Overview and Level Annotations

Branches:
Dungeon (15/15)            Temple (1/1) D:5            Lair (6/6) D:8
  Swamp (4/4) Lair:3        Snake (4/4) Lair:3        Slime (1/5) Lair:6
    Orc (2/2) D:11            Elf (3/3) Orc:2        Vaults (0/5) D:13
 Depths (1/5) D:15

Altars:
Ashenzari
Cheibriados
Fedhas
Gozag
Hepliaklqana
Kikubaaqudgha
Makhleb
Nemelex Xobeh
Okawaru
Qazlal
Ru
Sif Muna
Trog
Uskayaw
Vehumet
Xom
Yredelemnul
Zin
The Shining One
Beogh
Jiyva

Shops:
D:9 *   Orc:2 [*(=   Elf:2 !   Snake:3 (

Annotations:
D:10 2 runed doors
Lair:3 exclusion: downstairs
Swamp:3 Mara
Swamp:4 Nanban's ghost, journeyman MiBe
Elf:2 3 runed doors
Elf:3 exclusions: door and 1 more exclusion


Innate Abilities, Weirdness & Mutations

You are resistant to torment.
Your stone body is resilient. (AC +15)
You are immune to poison.
Your large and strong wings let you fly indefinitely.
You resist negative energy. (rN+)
You are resistant to electric shocks. (rElec)
You can survive without breathing.
You are immune to petrification.
You are immune to rotting.
You are partially covered in yellow scales. (AC +2)
You possess an exceptional clarity of mind.
You are frail. (-10% HP)


Message History

You feel strangely unstable.
Mara stops burning. x2
The spellforged servitor casts a spell at you.
The stone arrow hits you!
* * * LOW HITPOINT WARNING * * *
You block Mara's attack.
Mara blinks!
Something hits your spellforged servitor.
You feel much better. Mara gestures at you.
The bolt of fire hits your spellforged servitor.
Your spellforged servitor resists.
The bolt of fire hits you! You resist.
* * * LOW HITPOINT WARNING * * *
Something hits your spellforged servitor!
Your spellforged servitor gestures at Mara while chanting.
The bolt of lightning hits Mara.
You smell burning wood.
The spellforged servitor gestures at you while chanting.
The bolt of magma hits your spellforged servitor.
Your spellforged servitor partially resists.
The bolt of magma hits you! You partially resist.
You die...

..≈≈≈....♣....≈.≈.....♣♣≈♣♣...≈..
......♣.♣♣♣≈.≈≈..≈...≈..♣♣♣≈≈.≈≈.
.≈≈.≈.≈♣♣≈≈≈.≈≈≈..≈≈.....♣.≈≈≈≈≈≈
.≈≈≈.....≈≈§≈.≈..≈♣♣..≈..≈≈≈≈....
..≈≈..≈..≈≈≈≈§≈≈.♣♣.....≈≈≈...♣♣§
≈≈.§...≈≈≈≈≈≈.♣♣♣♣♣.≈≈≈≈≈≈≈≈≈.≈.≈
≈♣≈..♣♣.♣.≈≈≈§≈ ♣♣).≈≈≈≈≈≈≈≈.≈≈..
.♣♣..♣ ≈.≈..≈@R♣♣≈≈≈≈..≈≈≈≈......
≈♣♣♣♣♣ ........8@≈≈≈..§≈≈...≈♣≈♣♣
≈♣ ..≈..8..%§§≈≈≈≈≈≈.≈≈..♣♣ ♣♣ .
.♣♣♣♣♣♣.≈..≈≈.≈≈..≈...♣ ♣♣♣♣♣♣♣.
♣ ♣...♣♣..♣≈...≈≈..♣ §≈≈..♣♣..♣
♣.≈.♣♣♣♣♣♣♣≈.≈§.♣♣ ≈≈....♣..♣
♣.≈≈≈♣ ♣♣....♣ ...≈≈>§≈≈.♣♣
♣≈≈≈.♣ ♣♣.§..♣♣♣♣
...≈≈.≈≈≈≈≈.♣♣.≈≈.♣♣ ♣♣!≈≈≈.≈...
♣......≈≈≈≈≈≈.≈≈≈≈≈♣ ♣≈≈≈≈≈.....


You could see Mara, a spellforged servitor, garbagetei's illusion and a friendly
spellforged servitor.

Vanquished Creatures
  Vashnia (Snake:3)
  A deep elf master archer (Elf:3)
  Kirke (Lair:5)
  An azure jelly (Elf:3)
  Donald (Swamp:3)
  4 nagarajas (Snake:4)
  An orc warlord (Orc:2)
  Louise (Snake:1)
  Aizul (Swamp:1)
  2 deep elf elementalists (Elf:3)
  2 very ugly things (IceCv)
  A stone giant (Orc:2)
  Nessos (Lair:4)
  3 deep elf annihilators
  4 deep elf death magi
  Josephine (Lair:4)
  Fannar (Lair:2)
  A deep elf high priest (Elf:3)
  4 vault guards
  21 naga warriors
  A death knight (D:12)
  8 hydras
  16 anacondas
  7 dancing weapons
  An anaconda (shapeshifter) (Elf:3)
  3 alligators
  2 ogre magi (D:15)
  2 catoblepae
  13 two-headed ogres
  4 death yaks
  3 orc high priests (Orc:2)
  2 tengu warriors
  9 shock serpents
  Urug (Lair:4)
  21 naga sharpshooters
  A shock serpent (shapeshifter) (Elf:1)
  3 deep elf knights
  7 salamander mystics
  8 skeletal warriors
  12 naga ritualists
  6 sea snakes
  3 swamp dragons
  A wizard (D:15)
  5 deep elf archers
  2 spriggan druids (Swamp:3)
  12 mana vipers
  5 orc knights
  3 necromancers
  A wolf spider zombie (D:15)
  A shambling mangrove (Swamp:3)
  Pikel (D:9)
  3 manticores
  28 ugly things
  29 deep elf magi
  6 orc sorcerers
  10 salamanders
  3 centaur zombies
  5 guardian serpents
  17 naga magi
  9 elephants
  A gargoyle (D:13)
  37 black mambas
  5 ice statues (IceCv)
  26 spiny frogs
  An efreet (D:15)
  3 rime drakes
  A tengu conjurer (D:14)
  4 komodo dragons
  A yaktaur (shapeshifter) (Elf:1)
  A freezing wraith (Elf:3)
  A queen bee (D:8)
  2 anaconda simulacra (IceCv)
  A harpy zombie (D:15)
  6 trolls
  A tyrant leech (Swamp:3)
  11 hornets
  3 meliai
  4 polar bears
  10 blink frogs
  3 bog bodies
  9 hippogriffs
  A dream sheep (Lair:6)
  21 slime creatures
  Sigmund (D:6)
  3 shadows
  An air elemental (Elf:1)
  A fire elemental (Elf:3)
  16 spriggans
  6 wraiths
  4 wyverns
  3 water elementals
  20 yaks
  3 hungry ghosts
  2 large abominations (Elf:1)
  4 basilisks
  14 vampire mosquitoes
  A steam dragon (Lair:4)
  An iron troll simulacrum (IceCv)
  7 insubstantial wisps
  52 nagas
  13 swamp worms
  A warg (D:15)
  2 harpy simulacra (IceCv)
  3 acid dragons
  A soldier ant (D:11)
  3 hydra simulacra (IceCv)
  17 water moccasins
  32 orc warriors
  2 hell hounds (Lair:1)
  5 swamp drakes
  16 porcupines
  14 ice beasts
  An ettin simulacrum (IceCv)
  3 sky beasts
  6 black bears
  4 slaves
  A necrophage (D:10)
  14 ogres
  55 wolves
  4 boggarts (Lair:6)
  26 centaurs
  3 big kobolds
  13 crocodiles
  26 bullfrogs
  3 elf zombies (Elf:1)
  3 earth elementals
  3 scorpions
  23 killer bees
  9 wights
  A vampire bat (D:5)
  5 electric eels
  A howler monkey (shapeshifter) (D:13)
  11 crimson imps
  A bullfrog zombie (D:12)
  12 hounds
  12 jellies
  A quasit (D:12)
  34 orc priests
  2 bullfrog skeletons
  4 centaur skeletons
  33 orc wizards
  Jessica (D:3)
  4 iguanas
  A human skeleton (D:10)
  11 worker ants
  A hound skeleton (D:10)
  Robin (D:4)
  A worker ant zombie (D:11)
  14 gnolls
  11 adders
  8 river rats (Sewer)
  3 shadow imps
  12 oozes
  5 worms
  A dart slug (D:2)
  3 fire bats (D:5)
  A leopard gecko (D:3)
  107 orcs
  2 spectral bats (D:5)
  3 bat skeletons (D:5)
  A bat zombie (D:5)
  3 giant cockroaches
  18 goblins
  7 hobgoblins
  4 jackals (D:2)
  43 kobolds
  6 quokkas
  10 ball pythons
  13 bats
  A bat simulacrum (D:5)
  6 frilled lizards
  A quokka zombie (D:7)
  22 rats
  3 plants (Lair:5)
1370 creatures vanquished.

Vanquished Creatures (collateral kills)
  A hydra (Swamp:1)
  2 naga sharpshooters (Snake:1)
  A shock serpent (Snake:4)
  2 deep elf archers
  2 salamanders
  2 nagas
10 creatures vanquished.

Vanquished Creatures (others)
  A naga sharpshooter (Snake:3)
  6 ball lightnings (Snake:1)
  A guardian serpent (Snake:4)
  A centaur (D:5)
  An orc wizard (Orc:1)
  6 fungi
  6 plants
22 creatures vanquished.

Grand Total: 1402 creatures vanquished

Notes
Turn   | Place    | Note
-------+----------+-------------------------------------------
     0 | D:1      | garbagetei the Gargoyle Earth Elementalist began the quest for the Orb.
     0 | D:1      | Reached XP level 1. HP: 10/10 MP: 3/3
   164 | D:1      | Reached skill level 4 in Earth Magic
   267 | D:1      | Reached XP level 2. HP: 9/15 MP: 3/5
  1023 | D:2      | Reached skill level 5 in Earth Magic
  1023 | D:2      | Reached XP level 3. HP: 13/19 MP: 1/6
  1373 | D:2      | Reached XP level 4. HP: 22/24 MP: 5/7
  1500 | D:2      | Found a sparkling altar of Nemelex Xobeh.
  1767 | D:2      | Found a burning altar of Makhleb.
  1777 | D:2      | Reached skill level 6 in Earth Magic
  2026 | D:2      | Reached XP level 5. HP: 25/28 MP: 3/8
  2260 | D:3      | Noticed Jessica
  2279 | D:3      | Killed Jessica
  2366 | D:3      | Found a bloodstained altar of Trog.
  2366 | D:3      | Found a deep blue altar of Sif Muna.
  2371 | D:3      | Found a glowing silver altar of Zin.
  2373 | D:3      | Found an iron altar of Okawaru.
  2374 | D:3      | Found a glowing golden altar of the Shining One.
  2498 | D:3      | Found a burning altar of Makhleb.
  2731 | D:3      | Learned a level 2 spell: Passwall
  2735 | D:3      | Learned a level 3 spell: Stone Arrow
  2737 | D:3      | Learned a level 1 spell: Confusing Touch
  2750 | D:3      | Noticed a dagger
  2751 | D:3      | Noticed a hand axe
  2754 | D:3      | Found a hide-covered altar of Uskayaw.
  2825 | D:3      | Reached skill level 7 in Earth Magic
  2825 | D:3      | Reached XP level 6. HP: 33/33 MP: 3/10
  3223 | D:4      | Found a glowing drain.
  3233 | D:4      | Noticed Robin
  3250 | D:4      | Killed Robin
  3391 | Sewer    | Entered a sewer
  3492 | Sewer    | Reached skill level 1 in Hexes
  3553 | Sewer    | Reached XP level 7. HP: 29/37 MP: 9/12
  3676 | Sewer    | Reached skill level 8 in Earth Magic
  4246 | D:4      | Reached skill level 1 in Fighting
  4246 | D:4      | Reached skill level 1 in Maces & Flails
  4841 | D:5      | Entered Level 5 of the Dungeon
  4855 | D:5      | Found a staircase to the Ecumenical Temple.
  5045 | D:5      | Learned a level 5 spell: Lee's Rapid Deconstruction
  5197 | D:5      | Reached XP level 8. HP: 42/43 MP: 12/14
  5344 | D:5      | Reached skill level 9 in Earth Magic
  5459 | D:5      | Reached skill level 1 in Conjurations
  6893 | Temple   | Entered the Ecumenical Temple
  7064 | Temple   | Became a worshipper of Vehumet
  7192 | D:6      | Reached skill level 5 in Spellcasting
  7300 | D:6      | Noticed Sigmund
  7345 | D:6      | Killed Sigmund
  7489 | D:6      | Reached XP level 9. HP: 41/49 MP: 2/16
  8515 | D:7      | Reached skill level 10 in Earth Magic
  8809 | D:7      | Reached * piety under Vehumet
  8809 | D:7      | Offered knowledge of Shock by Vehumet.
  9735 | D:7      | Reached skill level 11 in Earth Magic
  9976 | D:7      | Reached XP level 10. HP: 47/56 MP: 13/20
 10054 | D:7      | Reached skill level 5 in Conjurations
 10763 | D:8      | Found a roughly hewn altar of Beogh.
 10783 | D:7      | Reached ** piety under Vehumet
 11010 | D:7      | Offered knowledge of Sting by Vehumet.
 11518 | D:8      | Found a staircase to the Lair.
 12261 | D:8      | Learned a level 2 spell: Swiftness
 12690 | D:9      | Found Oqonucidwa's Assorted Antiques.
 12702 | D:9      | Offered knowledge of Ignite Poison by Vehumet.
 12929 | D:9      | Bought a crooked smoking staff for 312 gold pieces
 12929 | D:9      | Bought a coral ring for 130 gold pieces
 13216 | D:9      | Noticed Pikel
 13443 | D:9      | Reached *** piety under Vehumet
 13453 | D:9      | Killed Pikel
 13453 | D:9      | Reached skill level 12 in Earth Magic
 13644 | D:10     | Entered Level 10 of the Dungeon
 13703 | D:10     | Found a runed door.
 13731 | D:10     | Found a basalt altar of Yredelemnul.
 13920 | D:10     | Offered knowledge of Sticky Flame by Vehumet.
 13928 | D:10     | Learned a level 4 spell: Sticky Flame
 13944 | D:10     | Found a runed door.
 13944 | D:10     | Noticed a vampire knight
 13944 | D:10     | Noticed a deep elf archer
 13944 | D:10     | Noticed a yaktaur captain
 13948 | D:10     | Noticed a tengu reaver
 13948 | D:10     | Noticed a wolf spider
 13948 | D:10     | Noticed a wolf spider
 13948 | D:10     | Noticed a deep elf archer
 13948 | D:10     | Noticed a deep elf knight
 14157 | D:10     | Reached XP level 11. HP: 49/60 MP: 21/23
 14214 | D:11     | Noticed a skeletal warrior
 14215 | D:11     | Noticed a skeletal warrior
 14298 | D:11     | Noticed a manticore
 14307 | D:11     | Killed a manticore
 14490 | D:11     | Found a staircase to the Orcish Mines.
 14495 | Orc:1    | Entered Level 1 of the Orcish Mines
 14655 | D:11     | Reached **** piety under Vehumet
 14879 | D:10     | Offered knowledge of Yara's Violent Unravelling by Vehumet.
 15219 | D:10     | Reached skill level 1 in Armour
 15275 | Lair:1   | Entered Level 1 of the Lair of Beasts
 15325 | Lair:1   | Reached skill level 13 in Earth Magic
 15706 | Lair:1   | Got a pair of steaming gloves
 15712 | Lair:1   | Identified the cursed +0 pair of gloves of Eternal Vigilance {rN++ rCorr Str-5 Int+4} (You found it on level 1 of the Lair of Beasts)
 15986 | Lair:1   | Reached skill level 10 in Spellcasting
 16010 | Lair:1   | Reached skill level 1 in Fire Magic
 16085 | Lair:1   | Noticed a four-headed hydra
 16092 | Lair:1   | Killed a four-headed hydra
 16186 | Lair:1   | Reached XP level 12. HP: 34/66 MP: 12/26
 16764 | Lair:2   | Reached ***** piety under Vehumet
 16786 | Lair:2   | Offered knowledge of Poison Arrow by Vehumet.
 18242 | Lair:2   | Learned a level 2 spell: Blink
 18245 | Lair:2   | Learned a level 2 spell: Shroud of Golubria
 18275 | Lair:3   | Noticed Fannar
 18289 | Lair:2   | Killed Fannar
 18589 | Lair:3   | Found a staircase to the Swamp.
 18637 | Swamp:1  | Entered Level 1 of the Swamp
 18711 | Lair:3   | Found a staircase to the Snake Pit.
 18802 | Lair:4   | Noticed Nessos
 18802 | Lair:4   | Noticed a death yak
 18802 | Lair:4   | Noticed a death yak
 19115 | Lair:3   | Reached skill level 10 in Conjurations
 19174 | Lair:3   | Offered knowledge of Bolt of Cold by Vehumet.
 19699 | Lair:4   | Noticed Josephine
 19741 | Snake:1  | Entered Level 1 of the Snake Pit
 19741 | Snake:1  | Noticed a naga sharpshooter
 19741 | Snake:1  | Noticed a naga sharpshooter
 19743 | Snake:1  | Noticed Louise
 20411 | D:11     | Reached XP level 13. HP: 71/72 MP: 10/28
 20413 | D:11     | Reached skill level 14 in Earth Magic
 20553 | D:11     | Reached skill level 5 in Fighting
 20553 | D:11     | Reached skill level 1 in Charms
 20553 | D:11     | Reached skill level 1 in Translocations
 20553 | D:11     | Reached skill level 1 in Transmutations
 20553 | D:11     | Reached skill level 1 in Air Magic
 20553 | D:11     | Reached skill level 1 in Evocations
 20553 | D:11     | Gained mutation: Your large and strong wings let you fly indefinitely. [Gargoyle growth]
 20553 | D:11     | Reached XP level 14. HP: 78/78 MP: 28/30
 20554 | D:11     | Reached XP level 15. HP: 82/82 MP: 28/31
 20854 | D:12     | Gained mutation: You are somewhat resistant to further mutation. [potion of mutation]
 21025 | D:12     | Reached skill level 15 in Earth Magic
 22120 | D:12     | Offered knowledge of Bolt of Magma by Vehumet.
 22180 | D:12     | Learned a level 5 spell: Bolt of Magma
 23307 | D:13     | Got a slimy lajatang {speed}
 23308 | D:13     | Identified the +7 lajatang "Tairusao" {speed, -Tele +Inv Dex+7} (You took it off a vault guard on level 13 of the Dungeon)
 23733 | D:13     | Found a gate to the Vaults.
 24432 | D:14     | Learned a level 3 spell: Regeneration
 25007 | D:15     | Entered Level 15 of the Dungeon
 25050 | D:14     | Offered knowledge of Fireball by Vehumet.
 25073 | D:14     | Learned a level 5 spell: Fireball
 25122 | D:14     | Reached skill level 5 in Fire Magic
 25425 | D:14     | Reached skill level 16 in Earth Magic
 25469 | D:13     | Reached XP level 16. HP: 58/88 MP: 28/33
 26958 | D:15     | Found a staircase to the Depths.
 26992 | Depths:1 | Entered Level 1 of the Depths
 26992 | Depths:1 | Noticed a lich
 27698 | Lair:4   | Killed Nessos
 27780 | Lair:4   | Offered knowledge of Ozocubu's Refrigeration by Vehumet.
 27930 | Lair:4   | Killed Josephine
 28162 | Lair:4   | Noticed Urug
 28170 | Lair:4   | Killed Urug
 28493 | Lair:4   | Reached skill level 17 in Earth Magic
 29243 | Lair:6   | Entered Level 6 of the Lair of Beasts
 29421 | Lair:5   | Noticed Kirke
 29555 | Lair:5   | Killed Kirke
 29632 | Lair:6   | Reached skill level 15 in Spellcasting
 29945 | Lair:5   | Reached XP level 17. HP: 93/93 MP: 28/36
 30932 | Lair:6   | Reached ****** piety under Vehumet
 31405 | Lair:6   | Found a viscous altar of Jiyva.
 31405 | Lair:6   | Found a staircase to the Slime Pits.
 31840 | Slime:1  | Entered Level 1 of the Pits of Slime
 31840 | Slime:1  | Noticed an acid blob
 31840 | Slime:1  | Noticed an acid blob
 32413 | Orc:2    | Entered Level 2 of the Orcish Mines
 32579 | Orc:2    | Offered knowledge of Orb of Destruction by Vehumet.
 34103 | Orc:2    | Found a staircase to the Elven Halls.
 34554 | Orc:2    | Found Saubouf's General Store.
 34555 | Orc:2    | Found Ostrefuet's Jewellery Shoppe.
 34557 | Orc:2    | Found Sukk's Antique Armour Emporium.
 34557 | Orc:2    | Found Hoskar's Antique Weapon Emporium.
 34813 | Orc:2    | Found a roughly hewn altar of Beogh.
 35172 | Orc:2    | Offered knowledge of Spellforged Servitor by Vehumet.
 35181 | Orc:2    | Learned a level 7 spell: Spellforged Servitor
 35390 | Orc:1    | Found a burning altar of Makhleb.
 35485 | Orc:1    | Found a bloodstained altar of Trog.
 35766 | Elf:1    | Entered Level 1 of the Elven Halls
 35766 | Elf:1    | Found a deep blue altar of Sif Muna.
 36420 | Elf:1    | Reached skill level 1 in Summonings
 36970 | Elf:1    | Found a gateway to a bazaar.
 36979 | Bazaar   | Entered a bazaar
 36984 | Bazaar   | Found Xusakuce's Antique Weapon Boutique.
 37003 | Bazaar   | Found Kouberr's Gadget Emporium.
 37020 | Bazaar   | Found Atuvesarph's Book Boutique.
 37037 | Bazaar   | Found Ymouqy's Jewellery Shoppe.
 37042 | Bazaar   | Bought a cursed amulet of inaccuracy for 14 gold pieces
 37126 | Bazaar   | Bought a +5 ring of intelligence for 288 gold pieces
 37703 | Elf:1    | Identified the Catalogue of Evil
 37763 | Elf:2    | Found Ijuat's Distillery.
 37773 | Elf:2    | Bought a potion of lignification for 45 gold pieces
 37813 | Elf:2    | Reached skill level 15 in Conjurations
 38057 | Elf:3    | Entered Level 3 of the Elven Halls
 38183 | Elf:3    | Found a frozen archway.
 38195 | Elf:3    | Reached XP level 18. HP: 102/102 MP: 24/37
 38286 | IceCv    | Entered an ice cave
 39045 | Elf:3    | Reached skill level 18 in Earth Magic
 40002 | Elf:3    | Noticed a deep elf master archer
 40018 | Elf:3    | Killed a deep elf master archer
 40150 | Elf:3    | Noticed a deep elf blademaster
 40175 | Elf:2    | Noticed a deep elf blademaster
 40429 | Elf:2    | Found a runed gate.
 40429 | Elf:2    | Found a runed gate.
 40430 | Elf:2    | Found a runed gate.
 41274 | Swamp:1  | Noticed Aizul
 41279 | Swamp:1  | Killed Aizul
 41475 | Swamp:2  | Offered knowledge of Fire Storm by Vehumet.
 41475 | Swamp:2  | Offered knowledge of Chain Lightning by Vehumet.
 41475 | Swamp:2  | Offered knowledge of Ignition by Vehumet.
 41846 | Swamp:3  | Lost mutation: You are somewhat resistant to further mutation. [potion of mutation]
 41846 | Swamp:3  | Gained mutation: You are frail. (-10% HP) [potion of mutation]
 41846 | Swamp:3  | Gained mutation: You possess an exceptional clarity of mind. [potion of mutation]
 41846 | Swamp:3  | Gained mutation: You are partially covered in yellow scales. (AC +2) [potion of mutation]
 41854 | Swamp:3  | Noticed Mara
 42261 | Swamp:3  | Noticed Donald
 42266 | Swamp:3  | Killed Donald
 42793 | Swamp:4  | Entered Level 4 of the Swamp
 42802 | Swamp:4  | Noticed Nanban's ghost (journeyman MiBe)
 43133 | Swamp:2  | Reached skill level 5 in Armour
 43347 | Snake:1  | Killed Louise
 43908 | Snake:1  | Learned a level 6 spell: Conjure Ball Lightning
 43943 | Snake:1  | Learned a level 5 spell: Lightning Bolt
 44052 | Snake:1  | Reached XP level 19. HP: 72/97 MP: 9/39
 44679 | Snake:2  | Identified a scroll of acquirement
 44687 | Snake:2  | Identified the +0 hat of Supty {rF+ Dex+2 SInv} (You acquired it on level 2 of the Snake Pit)
 46373 | Snake:3  | Found Huadas's Antique Weapon Shop.
 46459 | Snake:3  | Noticed Vashnia
 46484 | Snake:3  | Killed Vashnia
 47206 | Snake:3  | Reached skill level 10 in Fire Magic
 47662 | Snake:4  | Entered Level 4 of the Snake Pit
 49311 | Snake:4  | Reached skill level 5 in Shields
 49581 | Snake:3  | Reached XP level 20. HP: 86/104 MP: 12/41
 50436 | Snake:4  | Reached skill level 19 in Earth Magic
 50686 | Snake:4  | Reached skill level 10 in Fighting
 51379 | Snake:4  | Got a serpentine rune of Zot
 52468 | Swamp:3  | Noticed garbagetei's illusion
 52468 | Swamp:3  | Killed from afar by a spellforged servitor

Skill      XL: |  1  2  3  4  5  6  7  8  9 10 11 12 13 14 15 16 17 18 19 20 |
---------------+-------------------------------------------------------------+-----
Earth Magic    | 4 5 6 7 8 9 11 12 13 14 16 17 18 19 | 19.1
Spellcasting   | 3 4 5 6 8 10 11 12 13 15 16 17 | 17.9
Hexes          | 1 2 |  2.2
Fighting       | 1 2 3 4 5 6 7 8 9 10 | 10.1
Maces & Flails | 2 3 4 |  4.3
Conjurations   | 2 4 6 8 10 11 13 14 15 16 17 | 17.2
Armour         | 2 3 4 5 |  5.2
Fire Magic     | 1 3 5 6 7 9 10 | 10.9
Charms         | 1 2 |  2.5
Translocations | 1 |  1.3
Transmutations | 1 2 3 |  3.0
Air Magic      | 1 |  1.2
Evocations     | 1 |  1.5
Shields        | 4 5 |  5.2
Summonings     | 2 3 4 |  4.9
Staves         | |  0.9
Dodging        | |  1.5
Stealth        | |  2.1
Necromancy     | |  0.3

Action                   |  1- 3 |  4- 6 |  7- 9 | 10-12 | 13-15 | 16-18 | 19-21 || total
-------------------------+-------+-------+-------+-------+-------+-------+-------++-------
Melee: Unarmed           |    15 |       |       |       |       |     1 |       ||    16
       Club              |    30 |   127 |   570 |   129 |       |       |       ||   856
       Dagger            |    13 |    41 |       |       |       |       |       ||    54
       Whip              |       |       |       |   109 |       |       |       ||   109
       Staff             |       |       |       |    64 |   154 |   122 |    23 ||   363
       Lajatang          |       |       |       |       |     9 |       |       ||     9
 Cast: Sandblast         |    23 |    81 |    67 |    57 |     6 |    33 |     8 ||   275
       Lee's Rapid Decon |       |       |     1 |     4 |    12 |    36 |     5 ||    58
       Stone Arrow       |       |       |   104 |   268 |   175 |   343 |   169 ||  1059
       Confusing Touch   |       |       |       |     2 |       |    10 |       ||    12
       Sticky Flame      |       |       |       |    94 |    66 |   207 |    88 ||   455
       Shroud of Golubri |       |       |       |     1 |       |     3 |       ||     4
       Bolt of Magma     |       |       |       |       |    41 |   229 |   133 ||   403
       Blink             |       |       |       |       |     8 |     2 |     1 ||    11
       Fireball          |       |       |       |       |     1 |   124 |    60 ||   185
       Swiftness         |       |       |       |       |       |     4 |     3 ||     7
       Spellforged Servi |       |       |       |       |       |     4 |     3 ||     7
       Lightning Bolt    |       |       |       |       |       |     5 |     9 ||    14
       Regeneration      |       |       |       |       |       |     3 |     1 ||     4
       Conjure Ball Ligh |       |       |       |       |       |     2 |       ||     2
 Abil: Stop Flying       |       |       |       |       |     1 |     1 |       ||     2
       Fly               |       |       |       |       |     1 |       |       ||     1
Evoke: Wand              |       |       |       |     1 |       |     4 |     2 ||     7
  Use: Scroll            |       |     1 |     6 |    10 |     8 |    16 |     5 ||    46
       Potion            |       |     1 |     1 |     3 |     3 |     7 |     1 ||    16
 Stab: Sleeping          |     2 |       |     1 |       |       |       |       ||     3
       Paralysed         |       |       |       |     7 |       |       |       ||     7
  Eat: Chunk             |       |     6 |    21 |    30 |    14 |    42 |    19 ||   132
       Ration            |       |     1 |     2 |     2 |     2 |     6 |     2 ||    15
Armor: Robe              |    32 |    33 |       |       |       |       |       ||    65
       Leather armour    |       |    44 |   576 |   409 |   221 |   395 |   163 ||  1808
Dodge: Dodged            |    37 |   126 |   529 |   470 |   176 |   317 |   120 ||  1775
Block: Other             |       |       |    71 |    61 |     4 |     2 |       ||   138
       Reflection        |       |       |     3 |       |     1 |    10 |    43 ||    57
       Buckler           |       |       |       |       |       |    94 |   129 ||   223
